AoeStats
← Chris

Nomad

507847552Analyzed
4v4 RM · 12d ago on Sep 19, 2026· 30m 38s· 8 players
Game mode
Random Map
Map size
231×231
Population
200
Speed
Normal
Resources
Standard
Victory
Conquest
Starting age
Dark Age
Ending age
Imperial Age
RankedLock teamsTeams togetherTeam positionsShared explorationLock speedFull tech treeHidden civsTurbo modeCheats
Victory
Defeat
🇹🇼 Khitans · Taiwan
1381
+13
🇨🇿 Teutons · Czechia
1369
+13
🇺🇸 Japanese · United States
1348
+14
🇩🇪 Turks · Germany
1312
+15
🇺🇸 Vikings · United States
1336
-14
🇺🇸 Chinese · United States
1321
-15
🇬🇹 Berbers · Guatemala
1293
-13
🇫🇷 Japanese · France
1273
-13
SecretAgent1942
5:27 Loom
13:02 Feudal Age
16:41 Castle Age
14:45 Double-Bit Axe
16:08 Horse Collar
17:34 Bow Saw
18:32 Heavy Plow
24:22 Gold Mining
28:12 Imperial Age
26:32 Gold Shaft Mining
27:38 Ballistics
27:10 Fletching
27:28 Squires
27:04 Crossbowman
27:47 Bodkin Arrow
28:11 Town Watch
29:00 Bracer
30:16 Chemistry
29:28 Arbalester
Cryptomage
3:24 Loom
13:57 Feudal Age
18:29 Castle Age
17:31 Stone Mining
20:24 Medium Warships
21:42 Fletching
21:44 Double-Bit Axe
22:36 Pikeman
24:32 Horse Collar
25:29 Fishing Lines
27:03 Gillnets
29:32 Scale Mail Armor
Damian_JM
5:33 Loom
13:30 Feudal Age
19:01 Castle Age
Chris
3:02 Loom
13:55 Feudal Age
14:54 Double-Bit Axe
16:00 Gold Mining
16:18 Fletching
18:19 Wheelbarrow
17:30 Town Watch
18:10 Horse Collar
27:07 Castle Age
28:01 Bow Saw
27:51 Heavy Plow
27:18 Crossbowman
28:03 Thumb Ring
27:58 Bodkin Arrow
28:04 Padded Archer Armor
28:41 Heavy Plow
Thor Odinson
5:18 Loom
5:32 Loom
14:25 Feudal Age
15:11 Fishing Lines
15:48 Man-at-Arms
20:11 Castle Age
21:10 Double-Bit Axe
22:05 Squires
24:35 Wheelbarrow
23:54 Gillnets
25:02 Gold Mining
25:32 Bow Saw
25:48 Arson
26:21 Hand Cart
27:38 Scale Mail Armor
27:29 Horse Collar
28:22 Heavy Plow
28:22 Town Watch
29:53 Chain Mail Armor
Cronik
4:55 Loom
13:01 Feudal Age
17:03 Castle Age
19:00 Fletching
25:16 Horse Collar
26:18 Double-Bit Axe
27:49 Bow Saw
27:40 Heavy Plow
Rakosnik
3:02 Loom
6:54 Loom
12:57 Loom
16:25 Feudal Age
17:13 Double-Bit Axe
17:18 Fishing Lines
20:13 Castle Age
18:20 Gold Mining
20:15 Scale Barding Armor
20:20 Forging
24:18 Imperial Age
22:08 Horse Collar
23:27 Bloodlines
23:38 Bow Saw
23:57 Heavy Plow
24:27 Cavalier
26:06 Paladin
27:55 Chain Barding Armor
28:51 Wheelbarrow
29:40 Plate Barding Armor
30:50 Iron Casting
Roooooooo
11:17 Loom
13:46 Feudal Age
15:31 Double-Bit Axe
17:47 Castle Age
15:45 Domestication
16:54 Forging
18:08 Scale Barding Armor
20:10 Gold Mining
20:34 Bow Saw
21:54 Iron Casting
24:01 Chain Barding Armor
25:53 Wheelbarrow
25:30 Husbandry
26:28 Pastoralism
27:52 Hand Cart
29:03 Fletching
30:20 Town Watch
Connection lost

Rejoining the realm…

Still unreachable

The connection could not be restored.

Session expired

The server has moved on; the page needs a fresh start.